 Dungeon Crawl Stone Soup version 0.17-a0-2122-g03d97ec (webtiles) character file.

1887 Maka the Geomancer (level 9, 0/48 HPs)
             Began as a Gargoyle Earth Elementalist on Oct 21, 2015.
             Slain by an orc warrior
             ... wielding a +0 short sword
              (9 damage)
             ... on level 7 of the Dungeon.
             The game lasted 00:16:38 (6195 turns).

Maka the Geomancer (Gargoyle Earth Elementalist)    Turns: 6195, Time: 00:16:38

Health: 0/48       AC:  8    Str: 12    XL:     9   Next: 14%
Magic:  5/18       EV: 13    Int: 19    God:
Gold:   292        SH:  0    Dex: 10    Spells: 4 memorised, 9 levels left

rFire  . . .     SeeInvis .     b - +2 short sword (elec)
rCold  . . .     Clarity  .     h - +0 robe
rNeg   + . .     SustAt   .     (no shield)
rPois  ∞         Gourm    .     (no helmet)
rElec  +         Spirit   .     j - +0 cloak
rCorr  .         Warding  .     (no gloves)
rMut   .         Stasis   .     (no boots)
MR     .....                    (no amulet)
Stlth  ++........               (no ring)
                                (no ring)

@: not resistant to hostile enchantments, unstealthy
A: negative energy resistance 1, electricity resistance, unbreathing,
petrification resistance, rot immunity, AC +5
a: no special abilities


You were on level 7 of the Dungeon.
You were not hungry.

You visited 2 branches of the dungeon, and saw 8 of its levels.
You also visited: Sewer.

You collected 292 gold pieces.

Inventory:

Hand Weapons
 b - a +2 short sword of electrocution (weapon)
 r - a cursed -1 whip
Missiles
 a - 232 stones (quivered)
Armour
 h - a +0 robe (worn)
 j - a +0 cloak (worn)
Wands
 m - a wand of polymorph (16)
 s - a wand of polymorph (14)
Scrolls
 e - 2 scrolls of blinking {unknown}
 g - 2 scrolls of teleportation
 i - 3 scrolls of amnesia {unknown}
 l - a scroll of enchant weapon {unknown}
 n - 8 scrolls of identify
 q - 2 scrolls of enchant armour {unknown}
 t - 3 scrolls of random uselessness {unknown}
 w - 2 scrolls of magic mapping {unknown}
 y - 2 scrolls of fear {unknown}
 C - a scroll of remove curse
Potions
 k - 6 potions of curing
 o - a potion of lignification {unknown}
 p - 3 potions of brilliance {unknown}
 u - 3 potions of flight {unknown}
 v - 3 potions of magic {unknown}
 x - a potion of might {unknown}
 D - a potion of berserk rage {unknown}
Books
 c - a book of Geomancy

   Spells                             Type                      Level
   a - Sandblast                      Earth                        1
   b - Stoneskin                      Transmutation/Earth          2
   c - Passwall                       Transmutation/Earth          3
   d - Stone Arrow                    Conjuration/Earth            3
   e - Petrify                        Transmutation/Earth          4
   f - Lee's Rapid Deconstruction     Earth                        5
 A - a book of Ice

   Spells                             Type                      Level
   a - Ice Form                       Ice/Transmutation            4
   b - Metabolic Englaciation         Hexes/Ice                    5
   c - Ozocubu's Refrigeration        Ice                          6
   d - Bolt of Cold                   Conjuration/Ice              6
   e - Freezing Cloud                 Conjuration/Ice/Air          6
   f - Simulacrum                     Ice/Necromancy               6
 B - an Akashic Record

   Spells                             Type                      Level
   a - Dispersal                      Translocation                6
   b - Malign Gateway                 Summoning/Translocation      7
   c - Disjunction                    Translocation                8
   d - Controlled Blink               Translocation                8
Comestibles
 d - 4 bread rations
 f - 4 meat rations
 z - 3 fruits
 E - 2 chunks of flesh


   Skills:
 - Level 2.1 Fighting
 - Level 5.3 Dodging
 - Level 2.1 Stealth
 - Level 6.1 Spellcasting
 + Level 0.7 Conjurations
 - Level 1.2 Transmutations
 - Level 9.0 Earth Magic


You had 9 spell levels left.
You knew the following spells:

 Your Spells              Type           Power        Failure   Level  Hunger
a - Sandblast             Erth           #####.       1%          1    None
b - Stoneskin             Trmt/Erth      ####....     1%          2    None
c - Stone Arrow           Conj/Erth      ###...       6%          3    ##.....
d - Lee's Rapid Deconstr  Erth           #####.....   10%         5    #####..


Dungeon Overview and Level Annotations

Branches:
Dungeon (7/15)             Temple (1/1) D:4

Altars:
Ashenzari
Cheibriados
Kikubaaqudgha
Makhleb
Nemelex Xobeh
Qazlal
Ru
Xom
Yredelemnul
Zin
The Shining One


Innate Abilities, Weirdness & Mutations

You are resistant to torment.
Your stone body is resilient (AC +5).
You are immune to poison.
You resist negative energy.
You are resistant to electric shocks.
You can survive without breathing.
You are immune to petrification.
You are immune to rotting.


Message History

You hit the orc warrior but do no damage.
The orc warrior is heavily wounded.
The orc wizard gestures wildly while chanting.
The orc wizard flickers and vanishes!
Deactivating autopickup; reactivate with Ctrl-A.
The orc warrior hits you with a short sword!
* * * LOW HITPOINT WARNING * * *
An orc comes into view. It is wielding a long sword.
Casting: Stone Arrow
Confirm with . or Enter, or press ? or * to list all spells.
Aiming: Stone Arrow
Press: ? - help, Shift-Dir - straight line, f/p - orc warrior
Aim: an orc warrior, wielding a short sword and wearing a chain mail (heavily wounded)
The stone arrow hits the orc warrior.
The orc warrior is heavily wounded.
The orc warrior misses you.
Drink which item? (? for menu, Esc to quit)
You feel better.
The orc warrior hits you with a short sword!
You die...

#.#######># #.#...
...# #.#.####..#
#......#.) ###.#..#.#
#.#.##.#####
#####.#÷.......#
#...........##.#####.#
#######.###.##.@o{oo.#
#.# #.########.# ###
###


You could see an orc warrior and 2 orcs.

Vanquished Creatures
  The ghost of P0WERM0DE the Severer, a novice MiCK of Xom (Sewer)
  Menkaure (D:4)
  Edmund (D:6)
  The ghost of alpinistek the Magician, an amateur OpIE of Vehumet (D:3)
  An orc warrior (D:6)
  An ogre (D:6)
  2 phantoms
  A centaur (D:6)
  A water moccasin zombie (D:6)
  A giant frog (D:6)
  A centaur zombie (D:6)
  A giant frog skeleton (D:5)
  2 hounds
  2 orc priests
  6 orc wizards
  3 worker ants
  2 worker ant zombies
  8 adders
  4 gnolls (D:5)
  3 oozes
  An adder zombie (D:5)
  A worm (D:2)
  An adder skeleton (D:6)
  6 giant geckos
  21 orcs
  6 giant cockroaches
  5 goblins
  10 hobgoblins
  7 jackals (Sewer)
  5 quokkas
  3 ball pythons
  4 bats
  A giant cockroach zombie (D:6)
  2 giant gecko skeletons (D:5)
  9 giant newts
  15 kobolds
  7 rats
  7 plants (Sewer)
154 creatures vanquished.

Vanquished Creatures (others)
  A plant (Sewer)
1 creature vanquished.

Grand Total: 155 creatures vanquished

Notes
Turn   | Place    | Note
--------------------------------------------------------------
     0 | D:1      | Maka the Gargoyle Earth Elementalist began the quest for the Orb.
     0 | D:1      | Reached XP level 1. HP: 10/10 MP: 3/3
    73 | D:1      | Reached skill level 4 in Earth Magic
    73 | D:1      | Reached XP level 2. HP: 12/15 MP: 1/5
   601 | D:1      | Reached XP level 3. HP: 19/19 MP: 3/6
   606 | D:1      | Reached skill level 5 in Earth Magic
  1190 | D:2      | Reached XP level 4. HP: 24/24 MP: 3/7
  1365 | D:3      | Noticed alpinistek's ghost (amateur OpIE)
  1619 | D:3      | Reached skill level 6 in Earth Magic
  1996 | D:3      | Learned a level 2 spell: Stoneskin
  2000 | D:3      | Learned a level 3 spell: Stone Arrow
  2007 | D:3      | Reached XP level 5. HP: 28/28 MP: 5/9
  2051 | D:3      | Found a sacrificial altar of Ru.
  2440 | D:3      | Killed alpinistek's ghost
  2440 | D:3      | Reached XP level 6. HP: 32/32 MP: 6/12
  2511 | D:4      | Reached skill level 1 in Transmutations
  2851 | D:4      | Found a staircase to the Ecumenical Temple.
  2859 | Temple   | Entered the Ecumenical Temple
  3148 | D:4      | Noticed Menkaure
  3154 | D:4      | Killed Menkaure
  3154 | D:4      | Reached skill level 7 in Earth Magic
  3220 | D:4      | Reached XP level 7. HP: 34/36 MP: 9/13
  3570 | D:4      | Reached skill level 8 in Earth Magic
  3739 | D:5      | Entered Level 5 of the Dungeon
  3944 | D:5      | Found a stormy altar of Qazlal.
  3977 | D:5      | Found a glowing drain.
  4104 | D:5      | Reached XP level 8. HP: 31/41 MP: 11/14
  4114 | Sewer    | Entered a sewer
  4380 | Sewer    | Noticed P0WERM0DE's ghost (novice MiCK)
  4393 | Sewer    | Killed P0WERM0DE's ghost
  4393 | Sewer    | Reached skill level 5 in Dodging
  4944 | Sewer    | Learned a level 5 spell: Lee's Rapid Deconstruction
  5197 | D:6      | Noticed Edmund
  5201 | D:6      | Killed Edmund
  5201 | D:6      | Reached skill level 9 in Earth Magic
  5428 | D:6      | Found a basalt altar of Yredelemnul.
  5468 | D:6      | Reached skill level 5 in Spellcasting
  5605 | D:6      | Found a glowing golden altar of the Shining One.
  5825 | D:6      | Reached XP level 9. HP: 27/45 MP: 17/17
  6195 | D:7      | Slain by an orc warrior

Vault maps used:
D:1:      erik_arrival_gehennom
D:3:      nicolae_ru_path_of_blood, serial_bayou, serial_bayou_ford_a,
          serial_bayou_shore_b, serial_bayou_pond_d, serial_bayou_pond_b,
          serial_bayou_lake_a, kennysheep_generic_room_10
D:4:      minmay_temple_entry_glassed_door, first_bread, uniq_menkaure
D:5:      grunt_qazlal_sundering, gup_sewer_entry_glass
D:6:      lemuel_round_altar, roderic_bipointed_swastika, tso_altar, uniq_edmund
D:7:      lightli_temple_of_fire, nicolae_gozag_zags_fifth_avenue,
          grunt_temple_overflow_open, serial_shops,
          nicolae_shop_window_shopping, uniq_pikel, uniq_duvessa
Temple:   nicolae_temple_figure_zero
Sewer:    sewer_co_scattered_pipes

Action                   |  1- 3 |  4- 6 |  7- 9 || total
-------------------------+-------+-------+-------++-------
Melee: Unarmed           |    15 |       |       ||    15
       Spear             |    63 |    21 |       ||    84
       Short sword       |       |    30 |   292 ||   322
 Cast: Sandblast         |    33 |    43 |    81 ||   157
       Stone Arrow       |       |       |     7 ||     7
  Use: Scroll            |     2 |     1 |     1 ||     4
       Potion            |       |       |     1 ||     1
 Stab: Sleeping          |       |       |     1 ||     1
  Eat: Chunk             |     1 |     5 |     5 ||    11
       Pizza             |       |     2 |       ||     2
       Royal jelly       |       |     1 |       ||     1
       Beef jerky        |       |       |     2 ||     2
